 Dungeon Sprint DCSS version 0.17-a0-1719-g1afd5a1 (webtiles) character file.

1063 hexophile the Spear-Bearer (level 8, -15/37 HPs)
             Began as a Spriggan Chaos Knight on Aug 28, 2015.
             Killed from afar by a frost giant (51 damage)
             ... with a bolt of cold
             ... in the Dungeon (Sprint II: "The Violet Keep of Menkaure").
             The game lasted 00:08:33 (2359 turns).

hexophile the Spear-Bearer (Spriggan Chaos Knight)  Turns: 2359, Time: 00:08:33

Health: -15/37     AC: 10    Str: 10    XL:     8   Next: 6%
Magic:  9/9        EV: 29    Int: 11    God:    Xom [.*....]
Gold:   244        SH:  0    Dex: 27    Spells: 0 memorised, 7 levels left

rFire  . . .     SeeInvis +     a - +0 spear (chaos)
rCold  . . .     Clarity  .     b - +0 troll leather armour of Jedimef {*Drain rElec rPois Regen+ Dex+5}
rNeg   . . .     SustAt   .     (shield restricted)
rPois  +         Gourm    .     (helmet restricted)
rElec  +         Spirit   .     j - +5 cloak of Xypu {Int-2 Dex+6}
rCorr  .         Warding  .     (gloves unavailable)
rMut   .         NoTele   +     (boots unavailable)
MR     +....                    (no amulet)
Stlth  ++........               (no ring)
                                (no ring)

@: very slightly contaminated, invisible, very quick, somewhat resistant to
hostile enchantments, unstealthy
A: unfitting armour, repulsion field 1, see invisible, blink 1, herbivore 3,
speed 3, frail 1, slow metabolism 2
a: Blink, Renounce Religion


You were in the Dungeon.
You worshipped Xom.
You were a plaything of Xom.
You were very full.

You visited 1 branch You collected 972 gold pieces.
You spent 728 gold pieces at shops.

Inventory:

Hand weapons
 a - a +0 spear of chaos (weapon)
Armour
 b - the +0 troll leather armour of Jedimef (worn) {*Drain rElec rPois Regen+ Dex+5}
   (You bought it in a shop in the Dungeon)

   It affects your dexterity (+5).
   It insulates you from electricity.
   It protects you from poison.
   It increases your rate of regeneration.
   It causes draining when unequipped.
 j - the +5 cloak of Xypu (worn) {Int-2 Dex+6}
   (You bought it in a shop in the Dungeon)

   It affects your intelligence (-2).
   It affects your dexterity (+6).
 k - the +1 robe of Fueklaer {rC+}
   (You bought it in a shop in the Dungeon)

   It protects you from cold.
Potions
 d - a potion of curing
 e - a potion of heal wounds
 f - a potion of haste
 g - 2 potions of magic
 h - a potion of berserk rage
Comestibles
 c - a bread ration


   Skills:
 + Level 3.9 Fighting
 + Level 12.6 Polearms
 * Level 8.3 Dodging


You had 7 spell levels left.
You didn't know any spells.

Dungeon Overview and Level Annotations

Branches:
Dungeon (1/1)

Altars:

Shops:
D }:!!:?[?:==}[:%(

Annotations:
D exclusion: oklob plant, Kirke


Innate Abilities, Weirdness & Mutations

You are tiny and cannot use many weapons and most armour.
You have supernaturally acute eyesight.
You are a herbivore.
You cover ground extremely quickly.
You need consume almost no food.
You are surrounded by a mild repulsion field (EV +2).
You can translocate small distances at will.
You are frail (-10% HP).


Message History

Press: ? - help, Dir - move target cursor, f/p - moth of wrath
Aim: a moth of wrath (grey smoke, almost dead, poisoned, slightly transparent)
You hit the moth of wrath. You drain the moth of wrath!
You kill the moth of wrath!
The centaur warrior returns to its original shape as it dies.
Your Fighting skill increases to level 3!
Your Dodging skill gained 5 levels and is now at level 8!
You have reached level 8!
You see here an arrow.
You see here an arrow. "Hum-dee-hum-dee-hum..."
The cacodemon evaporates and reforms as a blizzard demon!
You hear a splashing noise.
Unknown command.
The frost giant gestures at you while chanting.
The bolt of cold hits the blizzard demon.
The blizzard demon resists.
The bolt of cold hits you!
Ouch! That really hurt!
You die...
Xom guffaws!

*,∆,∆∆∆*∆∆*******,****xJ∆,∆H,∆*,
*+******+##,n####+####∆J,∆D∆H,*,
*∩∩∩∩∩∩*h.+,##§§§§§S§##JGs∆H*+**
*∩∩∩∩∩∩*h(#**§S§§§§§§§##∆G∆,*,8*
*****####h,+≈≈§§§§§§§≈§#*++**E,,
*.e2##.z.####≈≈§§≈≈§§§**≈,,,***8
*CDD..zc.5D@##≈≈§≈§§≈**e≈,,,,8**
############5≈#+++#+++##***,,,k*k
###########≈≈≈§2@§.....#,Z+,,,,*,
##∩.∩.....#≈5§C§##'##..#∆,****,*,
##.∩.∩....#≈K≈§##.#.##h#***h∆+,**
##..∩.∩...#≈≈≈≈#..#..#,,,,*∆Z*l,,
##...∩.∩..#≈≈#####.#####,,*****,,
##....∩.⌠.#≈##.###+###.##,,*,∆+l,
##...∩.∩..#≈#...##.##.§.#,,*∆,*,,
##..∩.∩...)≈'.#.'.<.'###+,,****,,
##.∩.∩....#≈#...##.##...#,,,,***,


You could see a frost giant and a blizzard demon.

Vanquished Creatures
  A moth of wrath (D)
  A boulder beetle (D)
  4 worker ants (D)
  3 worms (D)
9 creatures vanquished.

Vanquished Creatures (collateral kills)
  A crocodile (D)
1 creature vanquished.

Vanquished Creatures (others)
  A mana viper (D)
  A boulder beetle (D)
  Menkaure (D)
3 creatures vanquished.

Grand Total: 13 creatures vanquished

Notes
Turn   | Place    | Note
--------------------------------------------------------------
     0 | D        | hexophile the Spriggan Chaos Knight began the quest for the Orb.
     0 | D        | Reached XP level 1. HP: 11/11 MP: 2/2
    19 | D        | Killed Menkaure
   287 | D        | XOM: silly message
   520 | D        | XOM: divination: detect creatures
   605 | D        | XOM: harmless Necr miscast
   694 | D        | Noticed a worker ant
   694 | D        | Noticed a worker ant
   704 | D        | Killed a worker ant
   704 | D        | Reached skill level 4 in Polearms
   704 | D        | Reached XP level 2. HP: 10/16 MP: 3/3
   708 | D        | Killed a worker ant
   708 | D        | Reached skill level 5 in Polearms
   708 | D        | Reached XP level 3. HP: 10/19 MP: 4/4
  1004 | D        | Noticed a worker ant
  1004 | D        | Noticed a worker ant
  1005 | D        | Killed a worker ant
  1005 | D        | Reached skill level 6 in Polearms
  1005 | D        | Reached XP level 4. HP: 23/23 MP: 5/5
  1012 | D        | Killed a worker ant
  1012 | D        | Reached skill level 7 in Polearms
  1063 | D        | XOM: mild Erth miscast
  1267 | D        | XOM: give mutations
  1267 | D        | Gained mutation: You can translocate small distances at will. [Xom's mischief]
  1462 | D        | XOM: give mutations
  1462 | D        | Gained mutation: You are frail (-10% HP). [Xom's mischief]
  1462 | D        | Gained mutation: You are surrounded by a mild repulsion field (EV +2). [Xom's mischief]
  1530 | D        | XOM: mild Hex miscast
  1544 | D        | XOM: god gift: broad axe {god gift}
  1570 | D        | XOM: scenery: 2 doors open, 1 doors close
  1570 | D        | Noticed a siren
  1570 | D        | Noticed a boulder beetle
  1573 | D        | Noticed a boulder beetle
  1582 | D        | Noticed an electric eel
  1582 | D        | Noticed an electric eel
  1583 | D        | Noticed an electric eel
  1583 | D        | Noticed an electric eel
  1584 | D        | Noticed an electric eel
  1588 | D        | Found Hueckavy's Antique Weapon Shop.
  1589 | D        | Found Nema's Book Shop.
  1589 | D        | Found Ros Ovut's Antique Armour Boutique.
  1589 | D        | Found Metyacim's Food Boutique.
  1590 | D        | Found Mizanab's Jewellery Boutique.
  1590 | D        | Found Ocin's Book Shop.
  1591 | D        | Found Sac Peho's Jewellery Shop.
  1591 | D        | Found Ennof's Antique Armour Boutique.
  1591 | D        | Found Feof's Gadget Shop.
  1591 | D        | Found Vapiamom's Magic Scroll Boutique.
  1592 | D        | Found Miexobap's Magic Scroll Boutique.
  1592 | D        | Noticed a yak
  1594 | D        | Found Bistrit's Book Shop.
  1595 | D        | Found Paexog's Distillery.
  1595 | D        | Found Vokhledi's Distillery.
  1595 | D        | Noticed a crocodile
  1595 | D        | Noticed a yak
  1595 | D        | Noticed an oklob plant
  1596 | D        | Found Fypinin's Book Shoppe.
  1596 | D        | Found Gaid's Gadget Boutique.
  1596 | D        | Noticed a yak
  1597 | D        | Noticed an ice dragon
  1617 | D        | Bought an ichor-stained cloak for 161 gold pieces
  1617 | D        | Bought a faintly glowing robe for 96 gold pieces
  1627 | D        | Identified the cursed +1 robe of Fueklaer {rC+} (You bought it in a shop in the Dungeon)
  1632 | D        | Identified the +5 cloak of Xypu {Int-2 Dex+6} (You bought it in a shop in the Dungeon)
  1633 | D        | Noticed a spiny frog
  1635 | D        | Noticed a spiny frog
  1677 | D        | Noticed a mana viper
  1677 | D        | a siren changed into a mana viper
  1686 | D        | XOM: divination: detect items
  1707 | D        | XOM: confuse monster(s)
  1711 | D        | XOM: summons 2 friendly demons
  1720 | D        | Killed a crocodile
  1720 | D        | Reached skill level 8 in Polearms
  1720 | D        | Reached XP level 5. HP: 4/24 MP: 2/6
  1758 | D        | Killed a mana viper
  1758 | D        | Reached skill level 11 in Polearms
  1758 | D        | Reached XP level 6. HP: 7/28 MP: 4/7
  1758 | D        | XOM: destruction
  1759 | D        | XOM: enchant monster (bad)
  1763 | D        | XOM: enchant monster (bad)
  1775 | D        | XOM: enchant monster (bad)
  1800 | D        | XOM: fake destruction
  1808 | D        | Killed a boulder beetle
  1808 | D        | Reached XP level 7. HP: 9/31 MP: 8/8
  1808 | D        | XOM: divine lightning (protected)
  1815 | D        | XOM: mild Conj miscast
  1840 | D        | Killed a boulder beetle
  1840 | D        | Reached skill level 12 in Polearms
  2134 | D        | Bought a bread ration for 60 gold pieces
  2224 | D        | XOM: mild Chrm miscast
  2286 | D        | Bought a jet-encrusted troll leather armour for 340 gold pieces
  2293 | D        | Bought a scroll of remove curse for 33 gold pieces
  2304 | D        | Identified the +0 troll leather armour of Jedimef {*Drain rElec rPois Regen+ Dex+5} (You bought it in a shop in the Dungeon)
  2305 | D        | Bought a scroll of magic mapping for 38 gold pieces
  2321 | D        | Noticed an elephant
  2321 | D        | Noticed a centaur warrior
  2321 | D        | Noticed Kirke
  2321 | D        | Noticed a cacodemon
  2321 | D        | Noticed a skeletal warrior
  2321 | D        | Noticed a yaktaur captain
  2321 | D        | Noticed a kobold demonologist
  2322 | D        | Noticed a bone dragon
  2324 | D        | XOM: swap monsters
  2325 | D        | Noticed a hell hog
  2325 | D        | Noticed a frost giant
  2325 | D        | Noticed a deep elf high priest
  2325 | D        | Noticed a golden dragon
  2325 | D        | Noticed a storm dragon
  2325 | D        | XOM: potion effect (invisibility)
  2329 | D        | Noticed a lava snake
  2338 | D        | XOM: enchant monster (good)
  2343 | D        | XOM: fog
  2344 | D        | Noticed a moth of wrath
  2344 | D        | a centaur warrior changed into a moth of wrath
  2344 | D        | XOM: polymorph centaur warrior -> moth of wrath
  2346 | D        | XOM: summons friendly shadow imp
  2352 | D        | Killed a moth of wrath
  2352 | D        | Reached XP level 8. HP: 34/37 MP: 9/9
  2355 | D        | Noticed a lava snake
  2357 | D        | Noticed a blizzard demon
  2357 | D        | a cacodemon changed into a blizzard demon
  2357 | D        | XOM: polymorph cacodemon -> blizzard demon
  2359 | D        | Killed from afar by a frost giant

Vault maps used:
D:        the_violet_keep_of_menkaure

Action                   |  1- 3 |  4- 6 |  7- 9 || total
-------------------------+-------+-------+-------++-------
Melee: Spear             |    15 |   108 |    40 ||   163
  Use: Scroll            |       |       |     3 ||     3
 Stab: Paralysed         |       |     3 |       ||     3
       Confused          |       |     6 |       ||     6
       Petrified         |       |     4 |     3 ||     7
       Petrifying        |       |     2 |       ||     2
       Invisible         |       |       |     4 ||     4
  Eat: Bread ration      |       |       |     1 ||     1
